Cogmind - Beta 13 @@@ ROGUE MODE // 2024.04.01 @ 19:03:28 Player: gLaczier Result: Destroyed by exploding Fusion Modulator Performance ------------- Evolutions (0) 0 Regions Visited (1) 200 Robots Destroyed (14) 70 Value Destroyed (332) 332 Prototype IDs (0) 0 Alien Tech Used (0) 0 Bonus (0) 0 TOTAL SCORE: 602 Bonus ------- None Cogmind --------- Core Integrity 0/250 Matter 290/300 Energy 250/250 System Corruption 0% Temperature Cool (12) Movement Core (150) Ox2 Location -10/Materials Parts ------- > --- POWER (1) -------- Ion Engine > --- PROPULSION (2) --- (None) > --- UTILITY (2) ------ Heat Sink Targeting Computer > --- WEAPON (2) ------- Small Laser Small Laser > --- INVENTORY (5) ---- Ion Engine Huge Storage Unit Beam Cannon Light Cannon Peak State ------------ > --- POWER ------------ Light Ion Engine > --- PROPULSION ------- Wheel Wheel > --- UTILITY ---------- Huge Storage Unit > --- WEAPON ----------- Medium Laser Small Laser > --- INVENTORY -------- Ion Engine Light Cannon [Rating: 6] Favorites ----------- Power Ion Engine Engine Ion Engine Propulsion Wheel Wheel Wheel Utility Targeting Computer Device Heat Sink Storage Huge Storage Unit Processor Targeting Computer Weapon Small Laser Energy Gun Small Laser Ballistic Cannon Light Cannon Launcher Grenade Launcher Build | -11 -10 ------- Run | Yrd Mat Slots Evolved . | . . Power . | . . Propulsion . | . . Utility . | . . Weapon . | . . Parts Attached 17 | 5 12 Power 5 | 1 4 Engine 5 | 1 4 Core . | . . Reactor . | . . Propulsion 2 | 2 . Treads . | . . Leg . | . . Wheel 2 | 2 . Hover . | . . Flight . | . . Utility 3 | . 3 Device 1 | . 1 Storage 1 | . 1 Processor 1 | . 1 Hackware . | . . Protection . | . . Artifact . | . . Weapon 7 | 2 5 Energy Gun 5 | 2 3 Energy Cannon . | . . Ballistic Gun . | . . Ballistic Cannon 1 | . 1 Launcher 1 | . 1 Special Weapon . | . . Impact Weapon . | . . Slashing Weapon . | . . Piercing Weapon . | . . Special Melee Weapon . | . . Unidentified Prototypes . | . . Parts Lost 6 | . 6 Power 1 | . 1 Propulsion 2 | . 2 Utility . | . . Weapon 3 | . 3 Highest Loss Streak 2 | . 2 To Critical Strikes . | . . Average Slot Usage (%) 64 | . 64 Engine 8 | . 8 Wheel 20 | . 20 Device 4 | . 4 Processor 4 | . 4 Energy Gun 19 | . 19 Ballistic Cannon 5 | . 5 Naked Turns . | . . Heaviest Build 10 | 6 10 Greatest Support 20 | 20 20 Greatest Overweight (x) 3 | . 3 Average Overweight (x) . | . . Largest Inventory Capacity 25 | 5 25 Average Capacity 5 | 5 5 Most Carried 5 | 2 5 Average Carried 3 | . 3 Final Capacity 5 | 5 5 Final Carried 4 | . 4 Class Distribution -------------------- 100% | Mutant Dominant Class ---------------- Mutant | -10/Materials Resources | -11 -10 ----------- Run | Yrd Mat Matter Collected 381 | 250 131 Remotely . | . . Salvage Created 332 | 40 292 Parts 25 | . 25 Haulers Intercepted . | . . Recyclers Shooed . | . . Parts Field Recycled . | . . Retrieved Matter . | . . Parts Self-Destructed . | . . Prevented . | . . Kills | -11 -10 ------- Run | Yrd Mat Combat Hostiles Destroyed 8 | 1 7 Guns 7 | 1 6 AOE 1 | . 1 Classes Destroyed 4 | 1 3 Builder 4 | . 4 Watcher 2 | . 2 Swarmer 2 | . 2 Grunt 6 | 1 5 Best Kill Streak 5 | 1 5 Combat Bots Only 2 | 1 2 Max Kills in Single Turn 4 | 1 4 Gunslinging . | . . Exploded 1 | . 1 Melee . | . . Uniques/NPCs Destroyed . | . . Combat | -11 -10 -------- Run | Yrd Mat Hostile Shots Fired 57 | 9 48 Missed 17 | 1 16 Damage Taken 684 | 90 594 Core 260 | 45 215 Absorbed by Shields . | . . Core Remaining (%) 82 | 82 . Volleys Fired 43 | 6 37 Largest 2 | 2 2 Hottest 90 | 90 90 Shots Fired 75 | 12 63 Gun 68 | 12 56 Cannon 5 | . 5 Launcher 2 | . 2 Special . | . . Kinetic 5 | . 5 Thermal 68 | 12 56 Explosive 2 | . 2 Electromagnetic . | . . Robot Hit Streak 5 | 4 5 Robot Miss Streak 5 | 2 5 Penetration Max . | . . Secondary Targets 1 | . 1 Max Gunslinging Chain 1 | . 1 Shots Hit Robots 41 | 7 34 Core Hits 20 | 2 18 Critical Kills . | . . Critical Parts Destroyed . | . . Critical Strikes 1 | . 1 Burn 1 | . 1 Melee Attacks . | . . Impact . | . . Slashing . | . . Piercing . | . . Sneak Attacks . | . . Combat Hostiles . | . . Follow-up Attacks . | . . Damage Inflicted 895 | 94 801 Guns 461 | 94 367 Cannons 71 | . 71 Explosions 363 | . 363 Melee . | . . Ramming . | . . Kinetic 71 | . 71 Thermal 461 | 94 367 Explosive 363 | . 363 Electromagnetic . | . . Impact . | . . Slashing . | . . Piercing . | . . Highest Corruption . | . . Average Corruption . | . . Corruption Purged . | . . Corruption Blocked . | . . Overload Shots . | . . Overflow Damage 56 | . 56 Projectiles . | . . Explosions 56 | . 56 Melee . | . . Knockbacks . | . . Impact . | . . Kinetic . | . . Secondary . | . . Self-Inflicted Damage 111 | . 111 Shots 3 | . 3 Rammed . | . . Targets Rammed . | . . Kicked . | . . Crushed . | . . Highest Temperature 222 | 222 151 Average Temperature 58 | 112 41 Received Heat Transfer 219 | 48 171 Siege Activations . | . . Robots Corrupted . | . . Combat Hostiles . | . . Parts Fried . | . . Impact Corruptions . | . . Robots Melted . | . . Combat Hostiles . | . . Parts Melted 4 | 1 3 Heat Transferred 1183 | 248 935 Parts Sabotaged . | . . Parts Stolen . | . . Parts Stripped . | . . Power Chain Reactions . | . . Alert | -11 -10 ------- Run | Yrd Mat Peak Influence 233 | 20 233 Initial 13 | . 13 Average 84 | 4 99 Maximum Alert Level 1 | . 1 Low Security (%) 80 | 100 76 Level 1 19 | . 23 Level 2 . | . . Level 3 . | . . Level 4 . | . . Level 5 . | . . High Security . | . . Max Security . | . . Squads Dispatched 1 | . 1 Investigation . | . . Extermination . | . . Reinforcement 1 | . 1 Assault . | . . Garrison . | . . Intercept . | . . Searches Triggered . | . . Construction Impeded . | . . Haulers Reinforced . | . . Active Scanning Responses . | . . Cargo Convoy Interrupts . | . . Stealth | -11 -10 --------- Run | Yrd Mat Distress Signals . | . . Communications Jammed . | . . Distress Signals . | . . Times Spotted 14 | 1 13 Peak Tracking Total 4 | 1 4 Tactical Retreats . | . . Traps | -11 -10 ------- Run | Yrd Mat Traps Triggered 1 | . 1 Indirectly . | . . Trap Hack Attempts . | . . Triggered . | . . Disarmed . | . . Reprogrammed . | . . Reused . | . . Traps Extracted . | . . Installed . | . . Triggered . | . . Machines | -11 -10 ---------- Run | Yrd Mat Machines Disabled 3 | . 3 Max in Single Turn 2 | . 2 Machines Repaired . | . . Machines Dismantled . | . . Machines Sabotaged . | . . Overloaded Fab Kills . | . . Hacking | -11 -10 --------- Run | Yrd Mat Machines Accessed 3 | . 3 Terminals 2 | . 2 Fabricators . | . . Repair Stations . | . . Recycling Units 1 | . 1 Scanalyzers . | . . Garrison Access . | . . Total Hacks 5 | . 5 Successful 2 | . 2 Failed 3 | . 3 Catastrophic 1 | . 1 Database Lockouts . | . . Manual 1 | . 1 Terminals 4 | . 4 Fabricators . | . . Repair Stations . | . . Recycling Units 1 | . 1 Scanalyzers . | . . Garrison Access . | . . Terminal Hacks 1 | . 1 Locate Traps 1 | . 1 Fabricator Hacks . | . . Repair Station Hacks . | . . Recycling Unit Hacks 1 | . 1 Report Inventory 1 | . 1 Scanalyzer . | . . Garrison Access Hacks . | . . Unauthorized Hacks . | . . Terminals . | . . Fabricators . | . . Repair Stations . | . . Recycling Units . | . . Scanalyzers . | . . Garrison Access . | . . Data Cores Recovered . | . . Used . | . . Hacking Detections 1 | . 1 Full Trace Events 1 | . 1 Feedback Events . | . . Feedback Blocked . | . . Robot Schematics Acquired . | . . Robots Built . | . . Authchips . | . . Time . | . . Total Robot Build Rating . | . . Part Schematics Acquired . | . . Parts Built . | . . Authchips . | . . Time . | . . Total Part Build Rating . | . . Parts Repaired . | . . Time . | . . Parts Recycled . | . . Recycled Matter . | . . Retrieved Matter . | . . Retrieved Components . | . . Parts Scanalyzed . | . . Part Schematics Acquired . | . . Parts Damaged . | . . Bothacking | -11 -10 ------------ Run | Yrd Mat Used RIF Installer . | . . Robots Hacked . | . . Non-combat . | . . Combat . | . . Robot Hacks Applied . | . . Relay Couplers Released . | . . Fabnet Peak Effective % . | . . Robots Rewired . | . . Allies Hacked . | . . Hacks Repelled . | . . Allies | -11 -10 -------- Run | Yrd Mat Total Allies . | . . Largest Group . | . . Highest-Rated Group . | . . Highest-Rated Ally . | . . Total Orders . | . . Ally Attacks . | . . Total Damage . | . . Kills . | . . Allies Corrupted . | . . Allies Melted . | . . Intel | -11 -10 ------- Run | Yrd Mat Robot Analysis Total . | . . Derelict Logs Recovered . | . . Drone Launches . | . . Drone Recoveries . | . . Exploration | -11 -10 ------------- Run | Yrd Mat Turns Passed 566 | 89 477 Spaces Moved 502 | 81 421 Core 25 | 23 2 Treads . | . . Legs . | . . Wheels 477 | 58 419 Hover . | . . Flight . | . . Fastest Speed 50 | 50 80 Average Speed 79 | 71 80 Slowest Speed 200 | 80 200 Overloaded Moves . | . . Propulsion Burnouts . | . . Robots Hopped . | . . Cave-ins Triggered . | . . Exploration Rate (%) 34 | 6 63 Regions Visited 1 Branch Regions . Pre-discovered Areas . | . . Known Exits Taken . | . . Unknown Exits Taken 1 | 1 . Scrap Searched . | . . Spaces Dug . | . . Terrain Destroyed 57 | . 57 Melee . | . . Projectile . | . . AOE 57 | . 57 Terrain Rammed . | . . Walls Destroyed . | . . Machines Disabled . | . . Actions | -11 -10 --------- Run | Yrd Mat Total 594 | 99 495 Wait 14 | 3 11 Move 501 | 80 421 Hop . | . . Pick Up 17 | 5 12 Fast Attach . | . . Attach 14 | 5 9 Detach 1 | . 1 Swap 3 | . 3 Drop 1 | . 1 Fire 43 | 6 37 Melee . | . . Ram . | . . Kick . | . . Crush . | . . Escape Stasis . | . . Rewire . | . . Trap . | . . Miscellaneous . | . . Route ------- -11/Scrapyard -10/Materials (discovered 2 exits: [*Mat] / [*Min]) History --------- Turn | Location | Event 2 | -11/Scrapyard | Met Revision 17 50 | -11/Scrapyard | Discovered new exit (range 8) 90 | -11/Scrapyard | Entered Materials 230 | -10/Materials | Discovered new exit (range 12) 301 | -10/Materials | Build established: Mutant 509 | -10/Materials | Discovered new exit (range 7) 557 | -10/Materials | Core integrity fell below 50% 567 | -10/Materials | Destroyed by exploding Fusion Modulator Last Messages --------------- Acquired 10 matter. Triggered Blade Trap. Massive razor-sharp blades shoot up from within the floor. Ion Engine severed. Acquired 10 matter. Acquired Ion Engine. K-01 Serf cleans the Fusion Modulator. Connecting with Terminal... EXIT=FOUND Connecting with Terminal... >>Traps(Locate) Found 5 traps in 1 array: 5x Blade Trap Map updated. Wheel destroyed. S-10 Pest destroyed. Switching to secondary target: S-10 Pest. S-10 Pest destroyed. Fusion Modulator explodes. Map ----- +----------------------------------------------------+ | # # ### #???????????? | | #""" # # < #???????????? | | #""" / # #???????????? | | #""" # # #???????????? | | # # ## #????????????? | | #""" # ### #?????????????? | | #""" # #?????????????? | | #""" # ############??? | | # # """ ## #??? | | ?###### """"" ## """ """ #??? | | ??????# """"" # """ """ #??? | | ???#### """"" # """ """ #??? | | ???# """ + #??? | | ???# # #??? | | ???# # #??? | | ???# ###"T"####### #??? | | ???# #?#####?????###########??? | | ???# #????????????????????????? | | ####+####?????????????######### | | # ! #?????????????# | | # #?????????????# | | # ############k## """ | | # """ # [%% # """"" | | # """ # %% % + """"" | | # """%s%* %% # """"" | | # @ # # """ | | # ! #^ # | | # # #####+### | | # # #???# #?? | | # # #???# ### | | ######### ^"""" | | ????????# """" !* | | ????????# """" =% | | ????????# ######+###T#" | | ???????? ^ ? #????????###"? | | ???????## """" #??????????#?? | | ????????# "??" #????????????? | | ????????# "??" #????????????? | | ????????# ???? ?????????????? | | ????????? ???????????????????? | | ??????????^???????????????????? | | ??????????????????????????????? | | ??????????????????????????????? | | ??????????????????????????????? | | ??????????????????????????????? | | ??????????????????????????????? | | ??????????????????????????????? | | ?????????????????????????###### | | ??????????^??????????????# # | | ?????????????????????????# # | +----------------------------------------------------+ Best States ------------- Heat Dissipation 35 Energy Generation 10 Energy Capacity 250 Matter Stores 300 Matter Capacity 300 Sight Range 16 Terrain Scan Density 10 Evasion (%) 50 Targeting Accuracy 5 Item Schematics ----------------- None Robot Schematics ------------------ None Fabricated ------------ Nothing Alien Tech Used ----------------- None Achievements -------------- None Challenges ------------ None Game ------ Seed CannonMomentumMicrothruster Manual? 0 Play Time 00:11:50 Cumulative 1.4 hours Start 2024.04.01 @ 18:51:33 End 2024.04.01 @ 19:03:28 Sessions 1 Manual Loads 0 Difficulty Rogue Special Mode None Game No. 2 Rogue 2 Adventurer 0 Explorer 0 Win Type - Total 0 Types 0/0/0/0/0/0/0/0/0 Lore% 1 Gallery% 3 Achievement% 4 Wizard Run 0 Options --------- Layout 1 ASCII 0 Keyboard 0 Movement Numpad Keybinds 0 Fullscreen 1 Font 24/Smallcaps Map View 50x35 Zoom Use 0% Tactical HUD 0 Map Filters NONE Filters NONE Steam 1 RUN: 480714f1-78e1-4143-8379-d855fa5e8f1e